 Dungeon Crawl Stone Soup version 0.21.0-3-g78d12a8bdd (webtiles) character file.

130 Railroad the Sneak (level 5, -1/41 HPs)
             Began as a Formicid Enchanter on Jan 9, 2018.
             Was an Initiate of Gozag.
             Succumbed to an orc's poison
             ... on level 4 of the Dungeon.
             The game lasted 00:16:04 (3064 turns).

Railroad the Sneak (Formicid Enchanter)             Turns: 3064, Time: 00:16:05

Health: -1/41      AC:  6    Str: 13 (14) XL:     5   Next: 36%
Magic:  0/8        EV: 11    Int: 12 (14) God:    Gozag
Gold:   366        SH:  0    Dex: 10 (11) Spells: 4/8 levels left

rFire    + . .     SeeInvis +   o - +3 dagger
rCold    + . .     Gourm    .   (no shield)
rNeg     . . .     Faith    .   k - +0 ring mail
rPois    +         Spirit   .   (helmet unavailable)
rElec    +         Reflect  .   t - +0 cloak
rCorr    +         Harm     .   (no gloves)
MR       .....                  (no boots)
Stlth    ++........             (no amulet)
HPRegen  0.13/turn              (no ring)
MPRegen  0.11/turn              (no ring)

@: lethally poisoned (-1 -> -48), resistant, flying, very slightly contaminated
A: permanent stasis, dig shafts and tunnels, four strong arms, antennae 3
a: Dig, Shaft Self, Potion Petition, Call Merchant, Bribe Branch, Renounce
Religion


You were on level 4 of the Dungeon.
You worshipped Gozag.
Gozag was aware of your devotion.
You were not hungry.

You visited 1 branch of the dungeon, and saw 4 of its levels.

You collected 366 gold pieces.

Inventory:

Hand Weapons
 o - a +3 dagger (weapon)
Armour
 i - a +0 shield
 k - a +0 ring mail (worn)
 s - a +0 leather armour of fire resistance
 t - a +0 cloak (worn)
Scrolls
 b - 3 scrolls of noise
 e - 3 scrolls of remove curse
 g - a scroll of blinking {unknown}
 m - a scroll of magic mapping {unknown}
 n - a scroll of fog {unknown}
 p - a scroll of amnesia {unknown}
 z - a scroll of identify
Potions
 q - a potion of curing {unknown}
 r - a potion of ambrosia {unknown}
Books
 c - a book of Maledictions

   Spells                             Type                      Level
   a - Corona                         Hexes                        1
   b - Ensorcelled Hibernation        Hexes/Ice                    2
   c - Confuse                        Hexes                        3
   d - Tukima's Dance                 Hexes                        3
   e - Dazzling Spray                 Conjuration/Hexes            3
Comestibles
 d - 3 rations


   Skills:
 - Level 3.0 Fighting
 - Level 1.0 Short Blades
 * Level 2.2 Armour
 - Level 2.0 Dodging
 * Level 4.5 Stealth
 - Level 2.1 Spellcasting
 - Level 4.2 Hexes


You had 4 spell levels left.
You knew the following spells:

 Your Spells              Type           Power        Failure   Level  Hunger
a - Corona                Hex            ##.....      10%         1    ##.....
b - Confuse               Hex            ##......     30%         3    ####...


Dungeon Overview and Level Annotations

Branches:
Dungeon (4/15)
 Temple: D:4-7

Altars:
Elyvilon
Fedhas
Gozag

Annotations:
D:2 Terence
D:3 exclusion: orc wizard
D:4 exclusions: gnoll, killer bee and sensed monster (detected)


Innate Abilities, Weirdness & Mutations

You cannot be hasted, slowed, berserked, paralysed or teleported.
You can dig through walls and to a lower floor.
Your four strong arms can wield two-handed weapons with a shield.
You have a pair of large antennae on your head. (SInv)


Message History

You feel very sick. The orc closely misses you.
It was a potion of flight.
You feel very buoyant.
You fly up into the air.
You feel very sick. The orc hits you but does no damage.
You are more poisoned.
It was a potion of degeneration.
There was something very wrong with that liquid.
You feel weakened.
You feel dopey.
You feel clumsy.
You feel very sick. The orc hits you but does no damage.
You are more poisoned.
It was a potion of resistance.
You feel protected.
You die...
Your body crumbles into a pile of gold.

#..# #.#..# #.#
.######..####.#..#
#.#
.{>..........{...#
#.#
...o#.#..######{##
#.# .#
#.#.......{.#######.#
# .
#.#######{.....o..###
## #.# #.#######....
#.#######.# #.###
#...@o....# #.# #
########### #.# # #.#
. #.# . #.... .#... .
.


You could see an orc.

Vanquished Creatures
  2 worker ants (D:4)
  A howler monkey skeleton (D:4)
  An adder (D:4)
  A dart slug (D:1)
  2 leopard geckos
  An orc (D:3)
  7 bats
  4 giant cockroaches
  8 goblins
  6 hobgoblins
  4 jackals (D:2)
  4 kobolds
  A quokka (D:2)
  3 ball pythons
  4 frilled lizards
  A leopard gecko skeleton (D:4)
  5 rats
55 creatures vanquished.

Vanquished Creatures (collateral kills)
  A jelly (D:4)
1 creature vanquished.

Grand Total: 56 creatures vanquished

Notes
Turn   | Place    | Note
-------+----------+-------------------------------------------
     0 | D:1      | Railroad the Formicid Enchanter began the quest for the Orb.
     0 | D:1      | Reached XP level 1. HP: 13/13 MP: 3/3
   231 | D:1      | Reached skill level 1 in Fighting
   303 | D:1      | Reached XP level 2. HP: 21/22 MP: 3/5
   959 | D:2      | Reached XP level 3. HP: 28/28 MP: 6/6
   964 | D:2      | Learned a level 3 spell: Confuse
  1052 | D:2      | Found a faded altar of an unknown god.
  1096 | D:2      | Became a worshipper of Gozag Ym Sagoz the Greedy
  1488 | D:2      | Found a blossoming altar of Fedhas.
  1669 | D:3      | Noticed Terence
  1708 | D:3      | Reached XP level 4. HP: 30/35 MP: 5/7
  1964 | D:4      | Noticed an ogre
  2257 | D:3      | Found a white marble altar of Elyvilon.
  2725 | D:4      | Reached skill level 1 in Armour
  2836 | D:4      | Reached XP level 5. HP: 30/41 MP: 4/8
  3064 | D:4      | Succumbed to an orc's poison

Skill      XL: |  1  2  3  4  5 |
---------------+----------------+-----
Fighting       | 1 2 3 |  3.0
Dodging        | 2 |  2.0
Stealth        | 4 |  4.5
Armour         | 1 2 |  2.2
Hexes          | 4 |  4.2
Short Blades   | |  1.0
Spellcasting   | |  2.1

Action                   |  1- 3 |  4- 6 || total
-------------------------+-------+-------++-------
Melee: Dagger            |   157 |    73 ||   230
 Cast: Corona            |    41 |    18 ||    59
       Confuse           |     1 |    14 ||    15
 Abil: Dig               |     1 |     1 ||     2
  Use: Scroll            |       |     3 ||     3
       Potion            |       |     3 ||     3
 Stab: Sleeping          |     5 |     1 ||     6
       Confused          |       |     1 ||     1
  Eat: Chunk             |     2 |       ||     2
       Ration            |       |     3 ||     3
Armor: Robe              |     8 |       ||     8
       Ring mail         |    55 |    30 ||    85
Dodge: Dodged            |   113 |    39 ||   152
